Map: 여명 - 래더 (공허의 유산)

Players

llllllllllll (Billowy)

  • Race: Protoss Protoss
  • League: Master
  • Spawn Location: 7:00

TYTY (TY) - Winner!

  • Race: Terran Terran
  • League: Diamond
  • Spawn Location: 1:00

VOD

Have the link to the VOD?

Description

Time

  • Played on: Nov. 27, 2016, 4:51 a.m.
  • Length: 15:11
Show
View Real Time Build Order
Export as new Build Order

llllllllllll Protoss 

Build Orders: Colossus Rush 

Get SALT Encoding   

  12  0:00  Probe (Chrono Boost)  
  13  0:11  Probe (Chrono Boost)  
  14  0:18  Pylon  
  14  0:22  Probe (Chrono Boost)  
  15  0:36  Probe (Chrono Boost), Gateway  
  16  0:47  Probe (Chrono Boost)  
  16  0:48  Assimilator  
  17  0:57  Probe (Chrono Boost)  
  17  0:58  Assimilator  
  18  1:08  Probe (Chrono Boost)  
  19  1:12  Pylon  
  20  1:18  Probe (Chrono Boost)  
  20  1:23  Cybernetics Core  
  20  1:29  Probe (Chrono Boost)  
  21  1:39  Probe (Chrono Boost)  
  22  1:50  Probe (Chrono Boost)  
  23  1:54  Nexus  
  23  2:01  Mothership Core (Chrono Boost)  
  25  2:02  Warp Gate  
  25  2:12  Stalker  
  27  2:19  Probe (Chrono Boost)  
  29  2:30  Probe (Chrono Boost)  
  29  2:32  Robotics Facility  
  29  2:40  Probe (Chrono Boost)  
  29  2:43  Pylon  
  30  2:53  Probe (Chrono Boost)  
  30  2:57  Stalker  
  30  3:05  Probe (Chrono Boost)  
  33  3:06  Probe (Chrono Boost)  
  34  3:13  Twilight Council  
  34  3:16  Observer  
  34  3:17  Probe (Chrono Boost)  
  34  3:18  Probe (Chrono Boost)  
  37  3:22  Pylon  
  37  3:23  Stalker  
  37  3:32  Probe (Chrono Boost)  
  37  3:33  Probe (Chrono Boost)  
  41  3:37  Observer  
  42  3:44  Probe (Chrono Boost)  
  42  3:45  Probe (Chrono Boost)  
  43  4:02  Blink  
  42  4:06  Stalker  
  46  4:11  Probe x2 (Chrono Boost)  
  46  4:21  Assimilator x2  
  46  4:24  Gateway  
  46  4:27  Gateway  
  46  4:29  Probe x2 (Chrono Boost)  
  48  4:32  Observer  
  48  4:36  Pylon  
  49  4:41  Probe x2 (Chrono Boost)  
  49  4:43  Stalker  
  53  4:51  Pylon  
  55  4:53  Probe x2 (Chrono Boost)  
  55  4:55  Observer  
  56  5:05  Probe x2 (Chrono Boost)  
  56  5:06  Pylon  
  58  5:19  Pylon, Robotics Bay  
  58  5:20  Probe x2 (Chrono Boost)  
  64  5:32  Probe (Chrono Boost)  
  64  5:33  Probe (Chrono Boost)  
  62  5:41  Nexus  
  62  5:43  Pylon x2  
  62  5:45  Probe x2 (Chrono Boost)  
  64  5:55  Extended Thermal Lance  
  64  5:59  Colossus  
  70  6:13  Gateway x2  
  70  6:15  Gateway  
  72  6:18  Probe x2 (Chrono Boost)  
  72  6:24  Stalker x2  
  75  6:35  Probe x2 (Chrono Boost), Stalker  
  79  6:45  Colossus  
  79  6:47  Sentry  
  79  6:48  Gateway  
  79  6:52  Stalker  
  89  7:10  Stalker  
  89  7:12  Stalker x4  
  89  7:14  Probe (Chrono Boost)  
  102  7:15  Probe x2 (Chrono Boost)  
  102  7:22  Stalker  
  104  7:35  Stalker x3  
  104  7:36  Stalker x2  
  104  7:51  Stalker x2  
  107  8:05  Probe (Chrono Boost)  
  110  8:06  Probe (Chrono Boost), Warp Prism  
  110  8:07  Probe (Chrono Boost)  
  110  8:10  Stalker x3  
  118  8:13  Resonating Glaives  
  118  8:15  Pylon  
  118  8:18  Zealot  
  118  8:19  Zealot x2  
  124  8:30  Pylon  
  124  8:31  Pylon  
  124  8:33  Pylon  
  124  8:35  Pylon  
  124  8:36  Assimilator  
  124  8:43  Stalker x3  
  124  8:44  Stalker  
  132  8:58  Stalker x3  
  131  9:18  Stalker x4  
  139  9:24  Stalker  
  139  9:25  Stalker x2  
  109  9:45  Stalker  
  109  9:46  Stalker x3  
  87  9:56  Stalker x3  
  87  9:58  Probe (Chrono Boost)  
  87  9:59  Probe x2 (Chrono Boost)  
  92  10:19  Stalker x5  
  96  10:32  Stalker x2  
  100  10:36  Probe (Chrono Boost)  
  100  10:37  Probe x2 (Chrono Boost)  
  101  10:45  Stalker x5  
  111  11:03  Stalker x2  
  113  11:12  Nexus  
  90  11:25  Stalker x5  
  90  11:44  Stalker x2  
  90  11:45  Immortal  
  72  11:48  Stalker x4  
  72  11:49  Stalker  
  86  11:57  Pylon  
  84  12:11  Stalker  
  84  12:12  Stalker x3  
  84  12:27  Stalker x7  
  98  12:32  Immortal  
  98  12:56  Stalker x7  
  112  13:06  Assimilator  
  112  13:07  Assimilator  
  112  13:22  Stalker x5  
  112  13:24  Immortal  
  87  13:58  Warp Prism  
  87  14:00  Stalker x5  
  87  14:01  Stalker x2  
  101  14:06  Forge  
  91  14:26  Stalker x7  
  105  14:35  Pylon  
  105  14:49  Stalker x5  
  105  14:50  Stalker x2  
  119  14:54  Pylon  
Show
View Real Time Build Order
Export as new Build Order

TYTY Terran - Winner!

Build Orders: 1/1/1, Mech, Widow Mine Drop 

Get SALT Encoding   

  12  0:00  SCV  
  13  0:12  SCV  
  14  0:18  Supply Depot  
  14  0:24  SCV  
  15  0:28  Refinery  
  15  0:40  SCV  
  16  0:45  Barracks  
  16  0:52  SCV  
  17  1:04  SCV  
  18  1:16  SCV  
  19  1:32  Orbital Command, Marine  
  20  1:34  Factory  
  20  1:38  Supply Depot  
  20  1:50  Marine  
  21  1:57  SCV  
  22  2:08  Marine  
  23  2:09  SCV  
  24  2:17  Widow Mine  
  24  2:19  Starport  
  24  2:22  SCV  
  27  2:26  Marine  
  28  2:33  Command Center  
  28  2:38  Supply Depot  
  28  2:43  Marine  
  29  2:44  SCV  
  30  2:59  Medivac  
  30  3:00  Hellion  
  30  3:01  Marine  
  30  3:02  Refinery  
  35  3:08  Supply Depot  
  35  3:11  SCV  
  36  3:21  Barracks Reactor  
  36  3:22  Widow Mine  
  36  3:23  SCV  
  39  3:33  Starport Tech Lab  
  39  3:35  SCV  
  40  3:48  Orbital Command, SCV  
  41  3:53  Banshee  
  42  3:58  Factory Tech Lab, Marine x2  
  42  4:00  SCV  
  45  4:12  SCV  
  45  4:15  Marine x2  
  45  4:16  SCV  
  47  4:17  Siege Tank  
  47  4:21  Supply Depot  
  50  4:25  SCV  
  50  4:28  SCV  
  52  4:38  SCV  
  53  4:41  SCV  
  54  4:47  Command Center  
  54  4:50  SCV  
  55  4:55  SCV  
  55  4:57  Cyclone x2  
  62  5:03  SCV  
  62  5:04  Refinery  
  62  5:05  Refinery  
  63  5:08  SCV  
  64  5:15  SCV  
  64  5:18  Supply Depot  
  64  5:20  SCV  
  69  5:24  Supply Depot  
  69  5:27  SCV  
  70  5:36  Hellion, SCV  
  70  5:39  Raven  
  70  5:40  Hellion, SCV  
  75  5:45  Armory  
  75  5:48  SCV  
  76  5:52  SCV  
  77  6:00  SCV  
  78  6:04  Cyclone x2, SCV  
  78  6:08  Orbital Command  
  78  6:11  Supply Depot  
  84  6:12  SCV  
  84  6:16  SCV  
  84  6:18  Factory  
  86  6:22  Banshee  
  86  6:24  SCV  
  90  6:28  SCV  
  91  6:36  Hellion, SCV  
  91  6:37  Hellion, Factory  
  96  6:40  Orbital Command, SCV  
  95  6:48  SCV  
  95  6:52  SCV  
  96  6:58  Cyclone x2  
  96  7:00  SCV  
  101  7:02  Terran Vehicle Weapons Level 1  
  101  7:04  SCV  
  102  7:09  Refinery  
  102  7:10  SCV  
  102  7:12  Siege Tank, SCV  
  102  7:14  Refinery  
  102  7:15  Supply Depot x2  
  106  7:17  SCV  
  106  7:22  SCV  
  108  7:25  Starport Reactor, SCV  
  108  7:29  SCV  
  108  7:34  SCV  
  99  7:37  SCV  
  99  7:39  Siege Tank  
  99  7:42  SCV  
  101  7:44  Siege Tank, Hellion x2  
  101  7:47  SCV  
  106  7:52  Command Center  
  106  7:54  Command Center  
  100  7:59  SCV x2  
  100  8:05  Viking x2  
  106  8:08  Hellion x2, SCV  
  106  8:09  Hellion x4  
  106  8:11  Siege Tank, SCV  
  115  8:19  Supply Depot x2  
  115  8:24  Supply Depot  
  115  8:26  Factory  
  115  8:35  Barracks Tech Lab  
  115  8:41  Siege Tank, Hellion x2  
  122  8:42  Viking x2, SCV x2  
  122  8:45  Siege Tank, Infernal Pre-Igniter  
  131  8:52  SCV  
  131  8:54  SCV x2  
  134  8:57  Engineering Bay  
  137  9:03  Hellion x2  
  137  9:07  Orbital Command  
  135  9:13  Siege Tank, Viking  
  136  9:17  Siege Tank  
  136  9:18  Hellion  
  143  9:24  Hellion  
  143  9:29  Missile Turret  
  140  9:38  Hellion  
  132  9:41  Liberator x2  
  132  9:42  SCV  
  132  9:45  Siege Tank, Orbital Command  
  116  9:48  Hellion, SCV x2  
  116  9:50  Hellion, SCV x2  
  94  10:11  Siege Tank x2  
  96  10:17  Siege Tank  
  99  10:27  Liberator  
  96  10:29  Hellion x5  
  96  10:34  Hellion x2  
  96  10:35  Terran Vehicle Weapons Level 2  
  98  10:37  SCV x3  
  98  10:38  Orbital Command  
  98  10:39  Armory  
  101  10:43  Siege Tank  
  101  10:46  SCV  
  107  11:01  Siege Tank x2  
  112  11:16  Liberator  
  103  11:20  Siege Tank  
  93  11:26  Hellion x2  
  93  11:28  SCV x2  
  93  11:37  Siege Tank  
  91  11:51  Hellion  
  91  11:52  Hellion  
  94  11:54  Orbital Command  
  94  12:00  Orbital Command  
  88  12:05  Siege Tank x2  
  91  12:12  Viking  
  93  12:17  SCV x3  
  96  12:26  SCV x2  
  98  12:31  Siege Tank  
  98  12:32  Hellion  
  98  12:34  Refinery, Orbital Command  
  103  12:42  Viking x2  
  105  12:54  Siege Tank  
  105  12:56  Hellion x2  
  105  12:57  SCV  
  113  13:01  SCV x3  
  116  13:12  Viking x2  
  120  13:17  Refinery  
  120  13:18  Siege Tank x2  
  120  13:19  Refinery  
  125  13:20  Hellion  
  125  13:21  Hellion, SCV x2  
  131  13:33  SCV x2  
  133  13:34  SCV  
  133  13:35  SCV x2  
  133  13:36  Siege Tank  
  133  13:46  Liberator  
  120  13:50  Siege Tank  
  115  13:56  Siege Tank  
  115  13:57  Hellion x2  
  115  13:58  SCV x2  
  115  14:02  Liberator  
  124  14:06  SCV x2  
  124  14:08  Siege Tank  
  123  14:18  Hellbat  
  123  14:19  Hellbat  
  123  14:23  Hellbat  
  132  14:28  Factory  
  132  14:29  Hellbat, SCV x3  
  137  14:34  Command Center  
  137  14:40  Hellbat  
  139  14:48  Hellbat  
Tags
 
Add a new tag
Caveats
  • Supply blocks, unpowered buildings, or Contaminate may cause inaccurate times.
  • Supply counts are checked every 10 seconds.